 Dungeon Crawl Stone Soup version 0.20-a0-993-gba41c3c (webtiles) character file.

377716 Monsterracer the Slayer (level 22, -27/228 HPs)
             Began as a Minotaur Berserker on Apr 11, 2017.
             Was a High Priest of Trog.
             Annihilated by an Ice Fiend (78 damage)
             ... summoned by a deep elf demonologist
             ... on level 3 of the Elven Halls on Apr 12, 2017.
             The game lasted 03:41:18 (61372 turns).

Monsterracer the Slayer (Minotaur Berserker)       Turns: 61372, Time: 03:41:20

Health: -27/228    AC: 31    Str: 35    XL:     22   Next: 12%
Magic:  7/7        EV: 14    Int: 13    God:    Trog [*****.]
Gold:   779        SH:  6    Dex:  6    Spells: 21/21 levels left

rFire    + + .     SeeInvis +   s - +5 battleaxe (antimagic)
rCold    x . .     Gourm    .   (shield currently unavailable)
rNeg     + . .     Faith    .   U - +2 fire dragon scales of the Game of Kings {rF++ rC- MR+ Str+3 Int+3 Slay+2}
rPois    +         Spirit   .   (helmet restricted)
rElec    .         Reflect  +   I - +2 cloak {MR+}
rCorr    +         Harm     .   M - +2 pair of gloves
MR       +++++     NoTele   +   k - +2 pair of boots "Duis" {-Tele rPois rC- rCorr}
Stlth    ..........             i - amulet "Feutiuri" {Reflect rN+ Int-5 SH+6 SInv}
Regen    1.0/turn               Z - ring of protection from magic
MPRegen  0.1/turn               H - ring of the Tempest {rC+ Str+2 Int+9 Dex-4}

@: regenerating, drained
A: retaliatory headbutt, horns 2, clever 1, clumsy 2, magic resistance 1,
inhibited regeneration, strong 1
}: 1/15 runes: serpentine
a: Berserk, Trog's Hand, Brothers in Arms, Burn Spellbooks, Renounce Religion


You were on level 3 of the Elven Halls.
You worshipped Trog.
Trog was extremely pleased with you.
You were not hungry.

You visited 6 branches of the dungeon, and saw 34 of its levels.
You also visited: Labyrinth, Trove, Bailey, Wizlab and Desolation.

You collected 3472 gold pieces.
You spent 2693 gold pieces at shops.

Inventory:

Hand Weapons
 a - a -1 executioner's axe of flaming
 m - a +5 battleaxe of electrocution
 s - a +5 antimagic battleaxe (weapon)
 w - the +2 whip of Mandamus {speed, *Corrode Str+2 Dex+6 SInv}
   (You found it on level 2 of the Vaults)

   Attacks with this weapon are significantly faster.
   It affects your strength (+2).
   It affects your dexterity (+6).
   It lets you see invisible.
   It may corrode you when you take damage.
 E - the +11 battleaxe "Diakh" {speed, rN++}
   (Trog gifted it to you on level 3 of the Vaults)

   Attacks with this weapon are significantly faster.
   It greatly protects you from negative energy.
 P - the +1 battleaxe "Nesear" {chop, rElec}
   (You found it in the Desolation of Salt)

   It inflicts extra damage upon your enemies.
   It insulates you from electricity.
Armour
 g - the +9 plate armour "Rumath" {rN+}
   (You found it in the Desolation of Salt)

   It protects you from negative energy.
 k - the +2 pair of boots "Duis" (worn) {-Tele rPois rC- rCorr}
   (You bought it in a shop on level 4 of the Vaults)

   It makes you vulnerable to cold.
   It protects you from poison.
   It prevents most forms of teleportation.
   It protects you from acid and corrosion.
 q - a +4 plate armour of cold resistance
 I - a +2 cloak of magic resistance (worn)
 M - a +2 pair of gloves (worn)
 U - the +2 fire dragon scales of the Game of Kings (worn) {rF++ rC- MR+ Str+3 Int+3 Slay+2}
   (You found it in the Desolation of Salt)

   It affects your strength (+3).
   It affects your intelligence (+3).
   It affects your accuracy and damage with ranged weapons and melee attacks
   (+2).
   It greatly protects you from fire.
   It makes you vulnerable to cold.
   It affects your resistance to hostile enchantments.
Jewellery
 i - the amulet "Feutiuri" (around neck) {Reflect rN+ Int-5 SH+6 SInv}
   (You bought it in a shop on level 1 of the Elven Halls)

   [amulet of reflection]

   It shields you and reflects attacks.
   It affects your intelligence (-5).
   It protects you from negative energy.
   It lets you see invisible.
   It affects your SH (+6).
 t - an uncursed ring of protection from cold
 H - the ring of the Tempest (right hand) {rC+ Str+2 Int+9 Dex-4}
   (You took it off an imperial myrmidon in the Desolation of Salt)

   [ring of protection from cold]

   It affects your strength (+2).
   It affects your intelligence (+9).
   It affects your dexterity (-4).
   It protects you from cold.
 Z - a ring of protection from magic (left hand)
Wands
 d - a wand of digging (14/24)
 n - a wand of scattershot (6/9)
 v - a wand of lightning (11/15)
 K - a wand of digging (12/24)
 L - a wand of digging (13/24)
 R - a wand of digging (11/24)
 T - a wand of disintegration (9/24)
 W - a wand of digging (13/24)
Scrolls
 e - 14 scrolls of identify
 h - 17 scrolls of teleportation
 l - 20 scrolls of remove curse
 p - 7 scrolls of recharging
 u - a scroll of summoning
 x - 2 scrolls of silence
 y - 3 scrolls of fog
 B - 6 scrolls of enchant weapon
 D - 6 scrolls of blinking
 G - 5 scrolls of fear
 J - 6 scrolls of enchant armour
 S - a scroll of magic mapping
Potions
 b - 3 potions of heal wounds
 o - a potion of cancellation
 r - a potion of curing
 z - 5 potions of might
 A - a potion of agility
 C - 5 potions of haste
 N - 2 potions of ambrosia
 V - 6 potions of flight
 X - a potion of brilliance
Comestibles
 c - 4 bread rations
 f - 31 royal jellies
 j - 32 fruits
 F - 2 meat rations


   Skills:
 * Level 26.1 Fighting
 + Level 25.0 Axes
 * Level 24.7(24.6) Armour
 - Level 11.0 Dodging


You had 21 spell levels left.
You didn't know any spells.

Dungeon Overview and Level Annotations

Branches:
Dungeon (15/15)            Temple (0/1) D:4            Lair (6/6) D:10
 Shoals (0/4) Lair:4        Snake (4/4) Lair:4        Slime (0/5) Lair:6
    Orc (2/2) D:9             Elf (3/3) Orc:2        Vaults (4/5) D:14
  Crypt (0/3) Vaults:2     Depths (0/5) D:15

Altars:
Fedhas
Gozag
Kikubaaqudgha
Nemelex Xobeh
Ru
Sif Muna
Trog
Vehumet
Wu Jian
Xom
Yredelemnul
Beogh

Shops:
D:9 ?   D:11 (   D:12 ?   D:13 ?   Orc:2 !!}[}   Elf:1 ?}}=   Elf:3 =
Snake:1 }(*[   Vaults:1 ?   Vaults:3 *   Vaults:4 [

Portals:
Pandemonium: Orc:2

Annotations:
Abyss:1 Grum, Snorg


Innate Abilities, Weirdness & Mutations

You reflexively headbutt those who attack you in melee.
You have a pair of horns on your head.
Your mind is acute. (Int +2)
You are very clumsy. (Dex -4)
You are resistant to hostile enchantments. (MR+)
You do not regenerate when monsters are visible.
Your muscles are strong. (Str +2)


Message History

You are starving!
The Ice Fiend gestures at you. The bolt of cold misses you.
The Ice Fiend calls on the powers of darkness!
The deep elf demonologist convulses!
The deep elf high priest convulses!
Your body is wracked with pain!
* * * LOW HITPOINT WARNING * * *
Okay, then.
You feel much better.
The deep elf demonologist seems less brilliant.
The deep elf demonologist gestures wildly while chanting.
You eat one of the 5 bread rations.
That bread ration really hit the spot!
The deep elf demonologist is empowered by something's aura!
Your deep troll goes berserk!
You feel quite a bit more hungry.
Send 'em back where they came from!
Trog shields your ally from puny magic! The Ice Fiend claws you!
* * * LOW HITPOINT WARNING * * *
The Ice Fiend freezes you!!!!
You feel a terrible chill!
You die...

#'####........
##.............
###....####8###⌠#
#......############
##
###....'.......'..♣
♣.
###..#########..♣♣♣.
#T## ##..... #.#
##...# #@# ##### #1#
#)# #e### #ee3#
##4.# #4.# #..# #))#


You could see an Ice Fiend, a deep elf master archer, a deep elf demonologist, a
deep elf high priest, a hellwing, a red devil and a friendly deep troll
(berserk).

Vanquished Creatures
  Vashnia (Snake:2)
  Asterion (Elf:1)
  2 deep elf blademasters
  A tengu reaver (Vaults:4)
  A revenant (Vaults:2)
  Kirke (D:15)
  An azure jelly (Lair:6)
  A fire giant (Vaults:4)
  9 nagarajas
  An orc warlord (Vaults:2)
  11 vault wardens
  2 deep elf sorcerers
  2 imperial myrmidons (Desolation)
  Aizul (Snake:1)
  17 ironheart preservers
  Louise (Snake:3)
  8 stone giants
  2 very ugly things (Vaults:2)
  An entropy weaver (Vaults:4)
  2 deep elf demonologists
  Nessos (Lair:5)
  7 purple draconians (WizLab)
  Azrael (Elf:1)
  2 deep elf annihilators
  2 halazid warlocks (Desolation)
  9 statues (WizLab)
  4 ettins
  3 deep elf death magi
  3 crystal guardians
  Josephine (Lair:6)
  4 fire dragons
  4 yaktaur captains
  20 ogre magi
  7 ragged hierophants (Desolation)
  2 great orbs of eyes
  The ghost of StylePro the Cleaver, a journeyman MiBe of Trog (Bailey)
  A deep elf high priest (Elf:1)
  2 rakshasas (Vaults:3)
  5 servants of whispers
  5 ice dragons
  7 peacekeepers (Desolation)
  10 vault guards
  12 naga warriors
  2 hydras
  A catoblepas (Lair:6)
  15 centaur warriors
  3 anacondas
  5 death knights
  25 dancing weapons
  7 death yaks (Lair:6)
  A vampire mage (D:15)
  47 two-headed ogres
  A queen ant (Lair:3)
  2 deep troll earth magi (Vaults:4)
  3 deep troll shamans
  5 orc high priests
  6 naga sharpshooters
  A tengu warrior (D:15)
  5 shock serpents
  A shock serpent (shapeshifter) (Vaults:2)
  22 deep elf knights
  A hell knight (Vaults:3)
  2 shadow wraiths
  3 sea snakes (Snake:1)
  A death drake (shapeshifter) (Vaults:3)
  15 skeletal warriors
  2 glowing orange brains
  13 wizards
  A flayed ghost (Vaults:3)
  A gelid demonspawn (Orc:2)
  An infernal demonspawn (Orc:2)
  5 unseen horrors
  A golden dragon skeleton (D:15)
  25 deep elf archers
  5 naga ritualists
  13 deep trolls
  3 necromancers
  15 ironbrand convokers
  The ghost of Lifeless the Chopper, a novice VSFi of Makhleb (D:7)
  5 phantasmal warriors
  8 mana vipers
  A tengu zombie (D:15)
  16 orc knights
  A sphinx skeleton (D:15)
  37 ugly things
  2 salamanders (shapeshifter)
  8 orc sorcerers
  78 deep elf magi
  2 cyclopes
  5 wolf spiders
  A manticore (D:15)
  9 guardian serpents
  3 salamanders
  8 elephants
  Maurice (D:9)
  5 centaur zombies
  20 black mambas
  A spriggan zombie (D:15)
  17 naga magi
  A molten gargoyle (Vaults:2)
  9 vault sentinels
  10 spiny frogs
  2 gargoyles
  A human zombie (Vaults:4)
  2 rime drakes
  9 komodo dragons
  6 freezing wraiths
  A tengu conjurer (D:14)
  An ice devil (Orc:2)
  An efreet (D:14)
  16 yaktaurs
  A jumping spider (Vaults:4)
  A queen bee (shapeshifter) (Vaults:3)
  A polar bear (Lair:5)
  4 trolls
  A wind drake (shapeshifter) (D:14)
  3 hornets
  4 blink frogs (Lair:5)
  A wolf spider simulacrum (D:14)
  4 slime creatures
  59 saltlings
  2 raiju (shapeshifter)
  11 hippogriffs
  An ettin zombie (Vaults:4)
  A human simulacrum (Vaults:4)
  4 air elementals
  A centaur simulacrum (D:14)
  A vampire (D:14)
  2 redbacks (Vaults:4)
  2 hogs (D:15)
  A shadow (D:14)
  7 wyverns
  3 water elementals (Elf:2)
  55 yaks
  10 wraiths
  A tarantella (Vaults:4)
  A fire bat (shapeshifter) (Vaults:3)
  6 fire elementals
  A hog (shapeshifter) (Vaults:1)
  2 basilisks
  2 golden eyes (shapeshifter)
  5 hungry ghosts
  2 chaos spawn (Orc:2)
  10 vampire mosquitoes
  Menkaure (D:7)
  46 nagas
  A soldier ant (shapeshifter) (D:14)
  5 soldier ants (Lair:3)
  An acid dragon (D:15)
  6 wargs
  3 hell hounds (Elf:1)
  7 water moccasins
  62 orc warriors
  8 porcupines
  5 black bears
  An eye of draining (D:15)
  4 sky beasts
  2 black bears (shapeshifter)
  4 phantoms
  5 ice beasts
  2 eyes of draining (shapeshifter)
  49 ogres
  18 boggarts
  26 wolves
  20 centaurs
  10 crocodiles
  A human skeleton (Vaults:4)
  3 big kobolds
  17 bullfrogs
  A gnoll sergeant (D:8)
  2 earth elementals
  9 scorpions
  3 wyvern skeletons
  8 wights
  7 electric eels
  4 howler monkeys
  8 crimson imps
  2 quasits
  7 hounds
  3 bullfrog zombies
  35 orc priests
  2 bullfrog skeletons (D:12)
  12 jellies
  3 centaur skeletons
  An iguana (D:9)
  47 orc wizards
  24 worker ants
  2 worker ant zombies
  6 gnolls
  12 adders
  3 shadow imps
  6 oozes
  An adder zombie (D:7)
  2 adder skeletons
  3 worms
  A dart slug (D:1)
  5 leopard geckos
  141 orcs
  3 giant cockroaches
  15 goblins
  12 hobgoblins
  4 jackals (D:3)
  35 kobolds
  5 quokkas
  A ball python (D:2)
  22 bats
  2 frilled lizards
  A giant cockroach zombie (D:5)
  A leopard gecko skeleton (D:3)
  9 rats
  5 crawling corpses
  2 fungi
  7 plants
  6 withered plants (D:15)
1733 creatures vanquished.

Vanquished Creatures (collateral kills)
  Agnes (Snake:2)
  A vault warden (Vaults:1)
  6 hydras
  An anaconda (Snake:2)
  A two-headed ogre (Vaults:3)
  An orc high priest (Orc:2)
  A wizard (D:14)
  An orc knight (Vaults:2)
  A mana viper (Snake:2)
  3 naga magi (Snake:2)
  2 freezing wraiths
  A yaktaur (Vaults:1)
  A hellwing (Orc:2)
  A wraith (D:14)
  2 orc warriors
  An ice beast (D:9)
  An ogre (Vaults:3)
  An ogre simulacrum (Vaults:1)
  An orc wizard (D:9)
  A worker ant zombie (D:8)
  3 gnolls (D:8)
  An adder (D:8)
  A shadow imp (D:14)
34 creatures vanquished.

Vanquished Creatures (others)
  3 nagarajas
  A death knight (D:14)
  2 two-headed ogres
  5 naga warriors
  2 tengu warriors
  2 naga sharpshooters
  A death yak (Lair:6)
  2 orc high priests (Orc:2)
  2 skeletal warriors
  An unseen horror (D:12)
  2 deep elf magi (Elf:1)
  A salamander (Snake:2)
  6 ugly things
  3 elephants
  A centaur zombie (D:15)
  A naga mage (Snake:2)
  A vault sentinel (Vaults:1)
  2 black mambas
  3 spiny frogs
  A gargoyle (D:12)
  A kobold demonologist (D:15)
  A troll (Orc:1)
  2 hippogriffs
  A blink frog (Lair:5)
  7 yaks
  A hog (D:15)
  A chaos spawn (Orc:2)
  5 nagas
  A water moccasin (Lair:3)
  7 orc warriors
  A phantom (D:7)
  A black bear (Lair:6)
  A wolf (Lair:6)
  A centaur (D:13)
  2 crocodiles
  A bullfrog (Lair:5)
  2 electric eels
  A jelly (D:14)
  3 orc wizards
  4 orcs
  2 kobolds (Bailey)
  13 fungi
  11 plants
112 creatures vanquished.

Grand Total: 1879 creatures vanquished

Notes
Turn   | Place    | Note
-------+----------+-------------------------------------------
     0 | D:1      | Monsterracer the Minotaur Berserker began the quest for the Orb.
     0 | D:1      | Reached XP level 1. HP: 19/19 MP: 0/0
   209 | D:1      | Reached XP level 2. HP: 26/26 MP: 1/1
   574 | D:1      | Reached skill level 5 in Axes
   724 | D:1      | Reached XP level 3. HP: 28/31 MP: 2/2
   789 | D:2      | Reached ** piety under Trog
  1001 | D:2      | Reached XP level 4. HP: 39/39 MP: 3/3
  1393 | D:2      | Found a bloodstained altar of Trog.
  1755 | D:3      | Found a blossoming altar of Fedhas.
  1760 | D:3      | Reached XP level 5. HP: 45/45 MP: 4/4
  1769 | D:3      | Gained mutation: Your mind is acute. (Int +2) [potion of mutation]
  1769 | D:3      | Gained mutation: Your mind is very acute. (Int +4) [potion of mutation]
  1769 | D:3      | Gained mutation: You are partially covered in slimy green scales. (AC +2) [potion of mutation]
  1810 | D:3      | Reached *** piety under Trog
  2418 | D:4      | Noticed an ogre
  2423 | D:4      | Killed an ogre
  2423 | D:4      | Reached XP level 6. HP: 51/51 MP: 5/5
  2561 | D:4      | Found a staircase to the Ecumenical Temple.
  2661 | D:4      | Reached XP level 7. HP: 49/57 MP: 6/6
  2795 | D:4      | Reached **** piety under Trog
  2795 | D:4      | Reached skill level 10 in Axes
  2956 | D:4      | Found an opulent altar of Gozag.
  3425 | D:5      | Entered Level 5 of the Dungeon
  4286 | D:6      | Reached XP level 8. HP: 54/64 MP: 7/7
  4441 | D:6      | Found a sacrificial altar of Ru.
  4949 | D:6      | Reached ***** piety under Trog
  4954 | D:6      | Received a gift from Trog
  5303 | D:6      | Found an ornate altar of the Wu Jian Council.
  5490 | D:6      | Reached skill level 4 in Fighting
  5691 | D:7      | Noticed Lifeless's ghost (novice VSFi)
  5702 | D:7      | Killed Lifeless's ghost
  5702 | D:7      | Reached XP level 9. HP: 72/72 MP: 8/8
  5909 | D:7      | Reached skill level 5 in Fighting
  6078 | D:7      | Noticed Menkaure
  6084 | D:7      | Killed Menkaure
  6084 | D:7      | Reached skill level 5 in Armour
  6537 | D:8      | Reached skill level 5 in Dodging
  6710 | D:8      | Found a sparkling altar of Nemelex Xobeh.
  6711 | D:8      | Found a basalt altar of Yredelemnul.
  6713 | D:8      | Found a shimmering altar of Xom.
  6732 | D:8      | Reached skill level 6 in Fighting
  6732 | D:8      | Reached XP level 10. HP: 77/83 MP: 9/9
  6817 | D:8      | Noticed a two-headed ogre
  6825 | D:8      | Killed a two-headed ogre
  7306 | D:9      | Reached skill level 15 in Axes
  7495 | D:9      | Reached skill level 7 in Fighting
  7762 | D:9      | Noticed Maurice
  7791 | D:9      | Killed Maurice
  8217 | D:9      | Noticed a two-headed ogre
  8229 | D:9      | Killed a two-headed ogre
  8229 | D:9      | Reached XP level 11. HP: 80/94 MP: 10/10
  8471 | D:9      | Found a staircase to the Orcish Mines.
  8550 | D:9      | Found a deep blue altar of Sif Muna.
  8550 | D:9      | Found Gujaik's Magic Scroll Shop.
  8558 | D:9      | Bought a scroll of enchant weapon for 127 gold pieces
  8558 | D:9      | Bought a scroll of remove curse for 51 gold pieces
  8717 | D:10     | Entered Level 10 of the Dungeon
  8725 | D:10     | Reached skill level 8 in Fighting
  8794 | D:10     | Found a staircase to the Lair.
  8795 | D:10     | Noticed Grum
  8811 | D:10     | Banished Grum
  8859 | Lair:1   | Entered Level 1 of the Lair of Beasts
 10054 | Lair:2   | Reached skill level 9 in Fighting
 11491 | Lair:3   | Reached XP level 12. HP: 105/105 MP: 11/11
 11550 | Lair:3   | Found a labyrinth entrance.
 11559 | Lab      | Entered a labyrinth
 12176 | Lab      | Noticed a minotaur
 12378 | Lair:3   | Noticed a queen ant
 12390 | Lair:3   | Killed a queen ant
 12857 | Lair:3   | Reached skill level 10 in Fighting
 12863 | Lair:3   | Noticed Snorg
 12974 | Lair:3   | Banished Snorg
 13074 | Lair:3   | Reached skill level 10 in Armour
 13537 | Lair:4   | Found a staircase to the Shoals.
 13555 | Lair:4   | Found a staircase to the Snake Pit.
 14512 | Lair:5   | Noticed Nessos
 14543 | Lair:5   | Killed Nessos
 15151 | Lair:5   | Reached XP level 13. HP: 110/115 MP: 12/12
 15160 | Lair:5   | Reached skill level 10 in Dodging
 15204 | Lair:5   | Reached skill level 11 in Fighting
 16000 | Lair:6   | Entered Level 6 of the Lair of Beasts
 16001 | Lair:6   | Found a staircase to the Slime Pits.
 16043 | Lair:6   | Received a gift from Trog
 16114 | Lair:6   | Noticed Josephine
 16123 | Lair:6   | Killed Josephine
 16733 | Orc:1    | Entered Level 1 of the Orcish Mines
 17199 | Orc:2    | Entered Level 2 of the Orcish Mines
 17608 | Orc:2    | Noticed a stone giant
 17923 | Orc:1    | Killed a stone giant
 17923 | Orc:1    | Reached skill level 12 in Fighting
 18081 | Orc:2    | Found a staircase to the Elven Halls.
 18517 | Orc:1    | Received a gift from Trog
 18518 | Orc:1    | Found a radiant altar of Vehumet.
 18676 | Orc:2    | Found Soq Zus's Gadget Boutique.
 19039 | Orc:2    | Found Oppek's Distillery.
 19045 | Orc:2    | Found Ujum's Distillery.
 19049 | Orc:2    | Received a gift from Trog
 19701 | Orc:2    | Reached XP level 14. HP: 66/127 MP: 13/13
 20495 | Orc:2    | Found Uxiunn's Gadget Emporium.
 20495 | Orc:2    | Found a one-way gate leading to the halls of Pandemonium.
 20495 | Orc:2    | Found Jeodar's Antique Armour Shoppe.
 21072 | Orc:2    | Reached skill level 13 in Fighting
 21277 | Orc:2    | Bought a pair of jewelled boots for 209 gold pieces
 21277 | Orc:2    | Bought a scorched scale mail for 198 gold pieces
 21287 | Orc:2    | Identified the cursed -2 pair of boots "Opnej" {rN++ Dex+2} (You bought it in a shop on level 2 of the Orcish Mines)
 21298 | Orc:2    | Identified the +6 scale mail "Emuar" {rPois} (You bought it in a shop on level 2 of the Orcish Mines)
 22737 | Lair:6   | Noticed an azure jelly
 22775 | Lair:6   | Killed an azure jelly
 22775 | Lair:6   | Received a gift from Trog
 22775 | Lair:6   | Reached skill level 14 in Fighting
 23561 | D:11     | Found a flagged portal.
 23570 | Bailey   | Entered a bailey
 23586 | Bailey   | Noticed StylePro's ghost (journeyman MiBe)
 23609 | Bailey   | Killed StylePro's ghost
 24283 | D:11     | Found Zaebaref's Weapon Emporium.
 24295 | D:11     | Bought a +2 mace of crushing for 181 gold pieces
 25178 | D:12     | Found Ripil's Magic Scroll Shoppe.
 25221 | D:12     | Reached XP level 15. HP: 139/139 MP: 14/14
 25369 | D:12     | Received a gift from Trog
 25645 | D:12     | Found a portal to a secret trove of treasure.
 25814 | Orc:2    | Bought 2 potions of curing for 66 gold pieces
 25814 | Orc:2    | Bought a potion of curing for 33 gold pieces
 25814 | Orc:2    | Bought a potion of curing for 33 gold pieces
 25814 | Orc:2    | Bought a potion of curing for 33 gold pieces
 25814 | Orc:2    | Bought a potion of haste for 110 gold pieces
 25816 | Orc:2    | Bought a potion of curing for 42 gold pieces
 26507 | D:13     | Found Somaqasm's Magic Scroll Emporium.
 26615 | D:13     | Reached skill level 15 in Fighting
 26655 | D:13     | Reached skill level 15 in Armour
 27629 | D:14     | Received a gift from Trog
 28127 | D:14     | Found a gate to the Vaults.
 28843 | D:15     | Entered Level 15 of the Dungeon
 29146 | D:15     | Noticed Kirke
 29158 | D:15     | Killed Kirke
 29158 | D:15     | Reached skill level 16 in Fighting
 29263 | D:15     | Found a staircase to the Depths.
 29296 | D:15     | Reached XP level 16. HP: 38/151 MP: 15/15
 29631 | D:15     | Received a gift from Trog
 30927 | Snake:1  | Entered Level 1 of the Snake Pit
 30952 | Snake:1  | Noticed Aizul
 30969 | Snake:1  | Killed Aizul
 31308 | Snake:1  | Found Foebad's Assorted Antiques.
 31308 | Snake:1  | Found Capnub's Antique Weapon Shop.
 31309 | Snake:1  | Found Bukler's Armour Boutique.
 31313 | Snake:1  | Found Mischepn's Gadget Shop.
 31408 | Snake:1  | Reached skill level 17 in Fighting
 32175 | Snake:1  | Received a gift from Trog
 33015 | Snake:2  | Noticed Agnes
 33041 | Snake:2  | Killed Agnes
 33662 | Snake:2  | Noticed Vashnia
 34200 | Snake:2  | Reached XP level 17. HP: 114/163 MP: 16/16
 34926 | Snake:2  | You fall through a shaft!
 35027 | Snake:2  | Reached skill level 18 in Fighting
 35713 | Snake:3  | Noticed Louise
 35728 | Snake:3  | Killed Louise
 36385 | Snake:4  | Entered Level 4 of the Snake Pit
 36438 | Snake:4  | Received a gift from Trog
 37254 | Snake:4  | Received a gift from Trog
 38391 | Snake:4  | Got a serpentine rune of Zot
 39017 | Snake:2  | Killed Vashnia
 39590 | D:14     | Reached skill level 19 in Fighting
 39641 | Vaults:1 | Entered Level 1 of the Vaults
 40173 | D:14     | Lost mutation: Your mind is very acute. (Int +4) [potion of mutation]
 40173 | D:14     | Lost mutation: You are partially covered in slimy green scales. (AC +2) [potion of mutation]
 40173 | D:14     | Lost mutation: Your mind is acute. (Int +2) [potion of mutation]
 40173 | D:14     | Gained mutation: You are weak. (Str -2) [potion of mutation]
 40173 | D:14     | Gained mutation: You passively map a small area around you. [potion of mutation]
 40173 | D:14     | Gained mutation: You have large cloven feet. [potion of mutation]
 40173 | D:14     | Gained mutation: You have hoof-like feet. [potion of mutation]
 40174 | D:14     | Lost mutation: You have hoof-like feet. [potion of mutation]
 40174 | D:14     | Lost mutation: You are weak. (Str -2) [potion of mutation]
 40174 | D:14     | Gained mutation: You are robust. (+10% HP) [potion of mutation]
 40174 | D:14     | Gained mutation: You are clumsy. (Dex -2) [potion of mutation]
 40174 | D:14     | Gained mutation: You evolve. [potion of mutation]
 40242 | Vaults:1 | Received a gift from Trog
 40245 | Vaults:1 | Reached XP level 18. HP: 167/193 MP: 5/17
 40735 | Vaults:1 | Lost mutation: You evolve. [evolution]
 40771 | Vaults:1 | Found Gafrez's Magic Scroll Shop.
 41122 | Vaults:1 | Gained mutation: You expend magic power (3 MP) to strengthen your wands. [mutagenic meat]
 41582 | Vaults:1 | Bought a scroll of teleportation for 48 gold pieces
 41582 | Vaults:1 | Bought a scroll of teleportation for 48 gold pieces
 41582 | Vaults:1 | Bought a scroll of teleportation for 48 gold pieces
 42426 | D:12     | You paid a toll of 17 potions of curing to enter a treasure trove
 42427 | Trove    | Entered a treasure trove
 42746 | Vaults:2 | Found a ruined gateway.
 42775 | Desolati | Entered the Desolation of Salt
 42834 | Desolati | Reached ****** piety under Trog
 42835 | Desolati | Reached skill level 20 in Fighting
 43243 | Desolati | Received a gift from Trog
 43362 | Desolati | Got a faintly glowing amber ring
 43553 | Desolati | Identified the ring of the Tempest {rC+ Str+2 Int+9 Dex-4} (You took it off an imperial myrmidon in the Desolation of Salt)
 43835 | Desolati | Reached skill level 21 in Fighting
 43842 | Desolati | Got a crude battleaxe
 43846 | Desolati | Got ichor-stained fire dragon scales
 43854 | Desolati | Got a flickering amethyst amulet
 43882 | Desolati | Identified the +2 fire dragon scales of the Game of Kings {rF++ rC- MR+ Str+3 Int+3 Slay+2} (You found it in the Desolation of Salt)
 43882 | Desolati | Identified the cursed +1 battleaxe "Nesear" {chop, rElec} (You found it in the Desolation of Salt)
 43884 | Desolati | Identified the amulet "Oruh" {Faith +Inv Str+3} (You found it in the Desolation of Salt)
 44184 | Desolati | Got a smoking plate armour
 44588 | Desolati | Identified the +9 plate armour "Rumath" {rN+} (You found it in the Desolation of Salt)
 44832 | Desolati | Got an ichor-stained hand crossbow
 44833 | Desolati | Identified the cursed +2 hand crossbow of Wrath {penet, Str+4 Int+4 Dex-4} (You found it in the Desolation of Salt)
 44941 | Desolati | Received a gift from Trog
 45171 | Vaults:2 | Reached XP level 19. HP: 167/209 MP: 18/18
 45424 | Vaults:2 | Found a staircase to the Crypt.
 45452 | Vaults:2 | Reached skill level 22 in Fighting
 45811 | Vaults:2 | Received a gift from Trog
 46233 | Vaults:2 | Got a transparent hand axe {god gift}
 46235 | Vaults:2 | Identified the +4 hand axe "Pocaok" {freeze, rC+} (Trog gifted it to you on level 2 of the Vaults)
 46244 | Vaults:2 | Got a faintly glowing whip
 46245 | Vaults:2 | Identified the +2 whip of Mandamus {speed, *Corrode Str+2 Dex+6 SInv} (You found it on level 2 of the Vaults)
 46252 | Vaults:2 | Found a roughly hewn altar of Beogh.
 47835 | Vaults:2 | Received a gift from Trog
 47835 | Vaults:2 | Reached skill level 23 in Fighting
 48126 | Vaults:2 | Found an ancient bone altar of Kikubaaqudgha.
 48817 | Vaults:3 | Received a gift from Trog
 48903 | Vaults:3 | Gained mutation: Armour fits poorly on your strangely shaped body. [mutagenic meat]
 48959 | Vaults:3 | Lost mutation: You have large cloven feet. [potion of mutation]
 48959 | Vaults:3 | Lost mutation: You passively map a small area around you. [potion of mutation]
 48959 | Vaults:3 | Lost mutation: You expend magic power (3 MP) to strengthen your wands. [potion of mutation]
 48959 | Vaults:3 | Lost mutation: You are robust. (+10% HP) [potion of mutation]
 48959 | Vaults:3 | Lost mutation: You are clumsy. (Dex -2) [potion of mutation]
 48959 | Vaults:3 | Gained mutation: You tend to lose your temper in combat. [potion of mutation]
 48959 | Vaults:3 | Gained mutation: You are clumsy. (Dex -2) [potion of mutation]
 48959 | Vaults:3 | Gained mutation: Your mind is acute. (Int +2) [potion of mutation]
 49019 | Vaults:3 | Gained mutation: You have an increased reservoir of magic. (+10% MP) [mutagenic meat]
 49168 | Vaults:3 | Found a magical portal.
 49174 | WizLab   | Entered Iskenderun's Mystic Tower
 49331 | WizLab   | Reached XP level 20. HP: 63/204 MP: 21/21
 50354 | WizLab   | Identified Bayptoen's Reference Book on the Arsonist and Battle Magic
 50380 | WizLab   | Received a gift from Trog
 50715 | WizLab   | Reached skill level 24 in Fighting
 51915 | Vaults:3 | Found Amasee's General Store.
 52294 | Vaults:3 | Lost mutation: You tend to lose your temper in combat. [mutagenic meat]
 52295 | Vaults:3 | Gained mutation: You do not regenerate when monsters are visible. [mutagenic meat]
 52296 | Vaults:3 | Gained mutation: Your spells are a little harder to cast, but a little more powerful. [mutagenic meat]
 52847 | Vaults:3 | Received a gift from Trog
 52853 | Vaults:3 | Got a brightly glowing battleaxe {god gift}
 52854 | Vaults:3 | Identified the +11 battleaxe "Diakh" {speed, rN++} (Trog gifted it to you on level 3 of the Vaults)
 53107 | Vaults:3 | Gained mutation: You are resistant to hostile enchantments. (MR+) [mutagenic meat]
 53654 | Vaults:3 | Lost mutation: Your mind is acute. (Int +2) [mutagenic meat]
 53655 | Vaults:3 | Gained mutation: You have sharp fingernails. [mutagenic meat]
 53798 | Vaults:3 | Received a gift from Trog
 55097 | Vaults:4 | Received a gift from Trog
 55360 | Vaults:4 | Reached XP level 21. HP: 205/214 MP: 22/22
 55642 | Vaults:4 | Found Loumneg's Antique Armour Emporium.
 55650 | Vaults:4 | Bought a pair of bloodstained boots for 237 gold pieces
 55660 | Vaults:4 | Identified the +2 pair of boots "Duis" {-Tele rPois rC- rCorr} (You bought it in a shop on level 4 of the Vaults)
 55708 | Vaults:4 | Reached skill level 25 in Fighting
 55723 | Vaults:4 | Lost mutation: Armour fits poorly on your strangely shaped body. [mutagenic meat]
 55724 | Vaults:4 | Gained mutation: Your spells are harder to cast, but more powerful. [mutagenic meat]
 55725 | Vaults:4 | Gained mutation: You are covered in fur. (AC +1) [mutagenic meat]
 55726 | Vaults:4 | Gained mutation: Scrolls take you a little longer to read. [mutagenic meat]
 56258 | Vaults:4 | Received a gift from Trog
 57224 | Elf:1    | Entered Level 1 of the Elven Halls
 57290 | Orc:2    | Bought a potion of mutation for 88 gold pieces
 57290 | Orc:2    | Lost mutation: You are covered in fur. (AC +1) [potion of mutation]
 57290 | Orc:2    | Lost mutation: You have an increased reservoir of magic. (+10% MP) [potion of mutation]
 57290 | Orc:2    | Lost mutation: Your spells are harder to cast, but more powerful. [potion of mutation]
 57290 | Orc:2    | Lost mutation: You have sharp fingernails. [potion of mutation]
 57290 | Orc:2    | Lost mutation: Your spells are a little harder to cast, but a little more powerful. [potion of mutation]
 57290 | Orc:2    | Lost mutation: Scrolls take you a little longer to read. [potion of mutation]
 57290 | Orc:2    | Gained mutation: You are very clumsy. (Dex -4) [potion of mutation]
 57290 | Orc:2    | Gained mutation: Your mind is acute. (Int +2) [potion of mutation]
 57290 | Orc:2    | Gained mutation: Your muscles are strong. (Str +2) [potion of mutation]
 57345 | Elf:1    | Noticed Asterion
 57363 | Elf:1    | Killed Asterion
 57577 | Elf:1    | Received a gift from Trog
 58016 | Elf:1    | Found a runed door.
 58127 | Elf:1    | Found Uxejest's Jewellery Emporium.
 58127 | Elf:1    | Found Wabot's Gadget Shop.
 58128 | Elf:1    | Found Uqeobbom's Gadget Shop.
 58148 | Elf:1    | Bought the amulet "Feutiuri" {Reflect rN+ Int-5 SH+6 SInv} for 1141 gold pieces
 58300 | Elf:1    | Found Woep's Magic Scroll Shoppe.
 58797 | Elf:1    | Noticed Azrael
 58804 | Elf:1    | Killed Azrael
 59003 | Elf:1    | Identified the Catalogue of Fiery Air
 59171 | Elf:2    | Received a gift from Trog
 59925 | Elf:2    | Found a huge runed gate.
 59927 | Elf:2    | Found a huge runed gate.
 59930 | Elf:2    | Found a huge runed gate.
 60706 | Elf:2    | Reached skill level 26 in Fighting
 60706 | Elf:2    | Reached XP level 22. HP: 194/226 MP: 7/21
 60899 | Elf:2    | Received a gift from Trog
 61152 | Elf:3    | Entered Level 3 of the Elven Halls
 61296 | Elf:3    | Found Nurhazug's Jewellery Emporium.
 61372 | Elf:3    | Annihilated by an Ice Fiend

Vault maps used:
D:1:      tarquinn_simple_flora_water_b, hangedman_abyss_or_decor_stabs
D:2:      dk_vineyard_3, trog_hazing_becter
D:3:      fedhas_altar_3
D:4:      grunt_gozag_breadcrumbs, minmay_temple_entry_statues_pillars,
          first_bread
D:5:      nicolae_zen_rock_garden
D:6:      old_forge, nicolae_overflow_crystal_walls, kennysheep_mini_moat,
          st_stairs_11
D:7:      uniq_menkaure
D:8:      gammafunk_temple_overflow_forgotten
D:9:      led_sif_book, orc_0_dummy, serial_shops, shop, uniq_maurice
D:10:     david_lair_generic, hangedman_little_slice_of_home, uniq_grum
D:11:     serial_shops, nicolae_shop_temple_entry_statues_fountains,
          enter_bailey_2
D:12:     minmay_smoke_and_mirrors, serial_shops, shop,
          nicolae_trove_entry_diagonal
D:13:     serial_column_ruins, column_ruins_grid_2, column_ruins_open_tiny,
          column_ruins_open_medium_water, column_ruins_corridor_straight,
          column_ruins_columns_dead_end, column_ruins_corridor_straight,
          serial_shops, shop
D:14:     david_vaults_4, minmay_misc_feat_ornament
D:15:     gammafunk_depths_entry_grave, serial_park_tiny_2, uniq_kirke
Lair:1:   minivault_24, st_stairs_9
Lair:3:   lab_entry_generic, serial_bayou, serial_bayou_ford_a,
          serial_bayou_shore_b, serial_bayou_pond_e, serial_bayou_shore_b,
          wad_woods_antlair, infiniplex_staircase_pool, uniq_snorg
Lair:4:   elwin_shoals_entry_rocks, guppyfry_snake_entry_garden
Lair:5:   dragon1_lemuel, beast_lair_carwin_2, uniq_nessos
Lair:6:   grunt_lair_end_beastmaster, minmay_slime_entry_pillars, uniq_josephine
Snake:1:  serial_bayou_lake_a, minmay_shoptagon, uniq_aizul
Snake:2:  nicolae_cobra_stairs, uniq_vashnia, uniq_agnes
Snake:3:  uniq_louise
Snake:4:  minmay_snake_end_coiled
Orc:1:    basic_altar, statue_in_the_mist_lemuel, mines_bat_river
Orc:2:    pf_orc_diabolical, serial_shops,
          nicolae_shop_temple_entry_statues_fountains
Elf:1:    serial_shops, shop, kennysheep_underground_church, minivault_13,
          minmay_shop_grove, grunt_megastairs_2, uniq_asterion, uniq_azrael
Elf:2:    spider_trap, nicolae_elf_glass_and_crystal_pillar_2,
          nicolae_elf_m_pinch
Elf:3:    minmay_elf_hall_dome, serial_corexii_hall, corexii_hall_statues_x,
          corexii_hall_statues_l, corexii_hall_statues_i,
          corexii_hall_statues_u, serial_shops, shop, nicolae_shop_crystal,
          shop_fountains, shop, shop
Vaults:1: vaults_room_boxed, ontoclasm_vaults_fault, v_rooms_4,
          hangedman_vaults_restitches, v_misc_9, nicolae_vaults_holding_cells,
          serial_shops, shop_statue
Vaults:2: vaults_dpeg_encased_lava, minmay_crypt_entry_simple_sparse,
          special_room_vaults, nicolae_vaults_hallways_thing,
          nicolae_vaults_border_crossing, nicolae_vaults_diagonal_hallway_7,
          vaults_mumra_minichess, vaults_room_stairs_pillars, vaults_room_fours,
          grunt_vaults_hallway_long, nicolae_vaults_angled_halls,
          ontoclasm_vaults_spin, vaults_room_semicircle, hangedman_vaults_pinch,
          ontoclasm_vaults_ligature, ontoclasm_vaults_ring_square,
          portal_desolation_entry_nicolae_nacl, basic_altar
Vaults:3: v_misc_19, v_alt_pattern_2, hangedman_vaults_corner_blocks,
          hangedman_vaults_nodes, v_misc_14, vaults_mumra_hex,
          vaults_mumra_bighexcomb, nicolae_vaults_twisting_passages, v_misc_26,
          v_misc_14, nicolae_vaults_angled_halls, vaults_room_pool,
          nicolae_vaults_theta, nicolae_vaults_big_ls,
          vaults_room_stairs_pillars, grunt_vaults_focal, serial_shops,
          nicolae_shop_competitors_out_of_business,
          infiniplex_enter_wizlab_spiral
Vaults:4: ontoclasm_vaults_ring_large, nicolae_vaults_murderbox,
          vaults_room_hallway, hangedman_vaults_locks,
          hangedman_vaults_stitches, hangedman_vaults_cutoff,
          ontoclasm_vaults_decontamination, nicolae_vaults_theta,
          ontoclasm_vaults_chip, v_misc_3, v_misc_26,
          nicolae_vaults_circle_grid_b, hangedman_vaults_impose,
          nicolae_vaults_little_squares_5, vaults_room_pool, serial_shops,
          nicolae_shop_crystal
Lab:      labyrinth_watery, nicolae_lab_hexagon, nicolae_lab_lava, lab_statue,
          nicolae_lab_grate_2, nicolae_lab_do_over
Trove:    trove_library
Bailey:   bailey_axe_1, bailey
WizLab:   wizlab_iskenderun

Skill      XL: |  1  2  3  4  5  6  7  8  9 10 11 12 13 14 15 16 17 18 19 20 21 |
---------------+----------------------------------------------------------------+-----
Axes           | 4 5 6 8 9 11 13 14 15 16 18 19 20 21 22 23 24 25 | 25.0
Armour         | 4 5 7 9 10 12 14 16 18 19 20 22 23 24 | 24.7
Fighting       | 4 6 7 9 10 12 14 16 17 19 21 23 24 26 | 26.1
Dodging        | 3 5 7 8 9 10 11 | 11.0

Action                   |  1- 3 |  4- 6 |  7- 9 | 10-12 | 13-15 | 16-18 | 19-21 | 22-24 || total
-------------------------+-------+-------+-------+-------+-------+-------+-------+-------++-------
Melee: Hand axe          |    53 |   133 |   135 |       |       |       |       |       ||   321
       Headbutt          |     8 |    19 |    46 |    81 |   287 |   340 |   347 |     9 ||  1137
       Battleaxe         |       |       |   120 |   462 |  1231 |  1230 |  1264 |    64 ||  4371
       Mace              |       |       |       |       |       |     4 |       |       ||     4
Invok: Berserk           |     1 |     4 |     7 |    12 |    15 |    16 |     7 |       ||    62
       Brothers in Arms  |       |       |       |     3 |    11 |     4 |     3 |     2 ||    23
       Trog's Hand       |       |       |       |     1 |     4 |     8 |     5 |     1 ||    19
       Burn Spellbooks   |       |       |       |       |     3 |     5 |     6 |       ||    14
Evoke: Wand              |       |       |       |     1 |     3 |       |       |       ||     4
  Use: Potion            |     1 |     4 |     4 |     6 |       |     5 |     3 |     1 ||    24
       Scroll            |       |     1 |    11 |    10 |     8 |     9 |     6 |       ||    45
 Stab: Sleeping          |     1 |       |       |     1 |       |       |       |       ||     2
       Distracted        |       |       |       |       |       |       |     2 |       ||     2
  Eat: Chunk             |     1 |     9 |    20 |    18 |    46 |    31 |    65 |     1 ||   191
       Meat ration       |       |       |       |     4 |     2 |     3 |       |       ||     9
       Bread ration      |       |       |       |     1 |     2 |     6 |     2 |     1 ||    12
Armor: Animal skin       |    16 |     8 |       |       |       |       |       |       ||    24
       Chain mail        |       |    21 |       |       |       |     4 |       |       ||    25
       Ring mail         |       |    14 |    93 |   124 |       |       |       |       ||   231
       Plate armour      |       |       |       |    29 |   166 |       |    48 |       ||   243
       Scale mail        |       |       |       |       |   305 |   387 |       |       ||   692
       Fire dragon scale |       |       |       |       |       |    47 |   416 |    25 ||   488
Dodge: Dodged            |    39 |    83 |   118 |   266 |   631 |   628 |   515 |    15 ||  2295
Block: Other             |       |       |    10 |    65 |   181 |   119 |    38 |    10 ||   423
       Reflection        |       |       |       |     3 |    29 |     8 |     5 |       ||    45
